[Event "Titled Tuesday Blitz April 12 Late 2022"]
[White "Khamzin, Olzhas"]
[Black "Sanchez, Robert"]
[WhiteFideId "13701690"]
[BlackFideId "2034360"]
[WhiteElo "2155"]
[BlackElo "2373"]
[Result "0-1"]
[Round "02"]
[TimeControl "180+1"]
[Date "2022.04.13"]
[WhiteClock "0:00:10"]
[BlackClock "0:00:10"]

1. c4 c6 2. Nc3 Nf6 3. d4 d5 4. cxd5 cxd5 5. Bf4 Nc6 6. e3 Bf5 7. Qb3 Na5 8. Qa4+ Bd7 9. Qc2 e6 10. Bd3 Rc8 11. Nge2 Be7 12. O-O O-O 13. Be5 h6 14. b3 Nc6 15. Bxf6 Bxf6 16. Qd2 Be7 17. Ng3 Qa5 18. Nb1 Bb4 19. Qe2 e5 20. Bf5 Be6 21. Qg4 Rce8 22. a3 exd4 23. exd4 Bc3 24. Nxc3 Qxc3 25. Rad1 Qxb3 26. Nh5 g5 27. Nf6+ Kg7 28. Nxe8+ Rxe8 29. Rfe1 Bxf5 30. Qxf5 Nxd4 31. Qb1 Qxb1 32. Rxb1 Rxe1+ 33. Rxe1 Kf6 34. a4 b6 35. Kf1 Nb3 36. Re8 Nc5 37. Ra8 a5 38. Ke2 Nxa4 39. Kd3 Ke5 40. Re8+ Kd6 41. Rd8+ Kc5 42. Rc8+ Kb5 43. Rd8 Nc5+ 44. Kc3 Ne4+ 45. Kd4 Nxf2 46. Rxd5+ Kb4 47. Rf5 Nd1 48. Rxf7 a4 49. Rf6 b5 50. Rxh6 Kb3 51. g3 a3 52. h4 gxh4 53. gxh4 b4 54. h5 a2 55. Ra6 Nc3 56. h6 Na4 57. h7 a1=Q+ 58. Kd5 Qd1+ 59. Kc6 Qc2+ 60. Kb7 Nc5+ 61. Ka7 Qb2 62. Rh6 Qh8 63. Kb6 Kc4 64. Rh4+ Kb3 65. Kxc5 Ka3 66. Rh3+ b3 67. Kc4 Ka2 68. Rxb3 Qxh7 69. Rc3 Qc7+ 70. Kd3 Qd6+ 71. Kc2 Qh2+ 72. Kd3 Qf2 73. Kc4 Kb2 74. Kd3 Qf3+ 75. Kd4 Qxc3+ 76. Kd5 Kb3 77. Kd6 Kb4 78. Kd7 Kb5 79. Kd8 Kb6 80. Kd7 Qc4 81. Ke7 Qd5 0-1


[Site "https://www.chess.com"]

[Event "Titled Tuesday Blitz April 12 Late 2022"]
[White "Khater, Sherif"]
[Black "Moroni, Luca Jr"]
[WhiteFideId "2034280"]
[BlackFideId "865834"]
[WhiteElo "2564"]
[BlackElo "2573"]
[Result "0-1"]
[Round "02"]
[TimeControl "180+1"]
[Date "2022.04.12"]
[WhiteClock "0:01:47"]
[BlackClock "0:02:15"]

1. b3 e5 2. Bb2 Nc6 3. e3 d5 4. Bb5 Bd6 5. f4 f6 6. fxe5 fxe5 7. Bxc6+ bxc6 8. Bxe5 Qh4+ 9. g3 Qe4 10. Bxg7 Qxh1 11. Kf1 Bh3+ 12. Ke2 Bg4+ 0-1


[Site "https://www.chess.com"]

[Event "Titled Tuesday Blitz April 12 Late 2022"]
[White "Kosteniuk, Alexandra"]
[Black "Stelmaszyk, Nico"]
[WhiteFideId "4128125"]
[BlackFideId "16200462"]
[WhiteElo "2469"]
[BlackElo "2119"]
[Result "1-0"]
[Round "02"]
[TimeControl "180+1"]
[Date "2022.04.13"]
[WhiteClock "0:00:50"]
[BlackClock "0:01:47"]

1. e4 e5 2. Nf3 Nf6 3. Nxe5 Nxe4 4. Qe2 Qe7 5. Qxe4 d6 6. d4 dxe5 7. dxe5 Nc6 8. Nc3 Qxe5 9. Qxe5+ Nxe5 10. Bf4 Bd6 11. Nb5 Nd3+ 12. Bxd3 Bxf4 13. g3 Bd6 14. Nxd6+ cxd6 15. O-O-O Be6 16. f4 g6 17. Rhe1 O-O-O 18. Be4 d5 19. Bf3 h5 20. h4 Rd7 21. Rd4 Rhd8 22. Re5 Kc7 23. Be2 a6 24. Bd3 Rd6 25. a4 Kc6 26. b4 b5 27. axb5+ axb5 28. Kb2 Kb6 29. Be2 Rc8 30. Bf3 Rcd8 31. c3 R8d7 32. Be2 Rd8 33. Rd1 Rc8 34. Ra1 Rdc6 35. Ra3 d4 36. Rxb5+ Kc7 37. cxd4 Kd6 38. Bd3 Rc1 39. Ra6+ Ke7 40. Rc5 Rd1 41. Rxc8 Bxc8 42. Ra7+ Kd6 43. Kc3 Rg1 44. Rxf7 Rxg3 45. Kd2 Kd5 46. Rf6 Kxd4 47. Rd6# 1-0


[Site "https://www.chess.com"]

[Event "Titled Tuesday Blitz April 12 Late 2022"]
[White "Koutlas, Nikolaos"]
[Black "Dahlgren, James Allen"]
[WhiteFideId "25827138"]
[BlackFideId "22256873"]
[WhiteElo "1645"]
[BlackElo "2098"]
[Result "1-0"]
[Round "02"]
[TimeControl "180+1"]
[Date "2022.04.13"]
[WhiteClock "0:01:46"]
[BlackClock "0:01:11"]

1. Nf3 e6 2. b3 c5 3. Bb2 d5 4. c4 Nf6 5. cxd5 exd5 6. e3 Be7 7. d4 O-O 8. Bd3 Nc6 9. O-O Bg4 10. dxc5 Ne4 11. h3 Bh5 12. Nc3 Bg6 13. Rc1 Nxc5 14. Bxg6 hxg6 15. Nxd5 Ne4 16. Nxe7+ Qxe7 17. Nd4 Rfd8 18. Rxc6 bxc6 19. Nxc6 Rxd1 20. Nxe7+ Kf8 21. Nxg6+ fxg6 22. Rxd1 Rc8 23. f3 Nc3 24. Bxc3 Rxc3 25. Rd7 a5 26. Ra7 Rxe3 27. Rxa5 Kf7 28. Rb5 Ke6 29. a4 Re2 30. a5 Ra2 31. b4 Kd6 32. Rb6+ Kd5 33. Rxg6 Kc4 34. Rb6 g5 35. a6 Kd3 36. b5 Ke3 37. Rb7 Kf4 38. Rg7 Rb2 39. a7 Kg3 40. Rxg5+ 1-0


[Site "https://www.chess.com"]

[Event "Titled Tuesday Blitz April 12 Late 2022"]
[White "Ladan, Nicholas"]
[Black "Barria Zuniga, Daniel"]
[WhiteFideId "30918855"]
[BlackFideId "3400816"]
[WhiteElo "2167"]
[BlackElo "2414"]
[Result "0-1"]
[Round "02"]
[TimeControl "180+1"]
[Date "2022.04.13"]
[WhiteClock "0:00:16"]
[BlackClock "0:00:18"]

1. d4 d5 2. Bf4 c6 3. e3 Qb6 4. Qc1 Bg4 5. c4 dxc4 6. Bxc4 Nf6 7. Nc3 e6 8. Nge2 Be7 9. O-O O-O 10. Ng3 Nbd7 11. h3 Bh5 12. Nxh5 Nxh5 13. Bh2 Nhf6 14. a4 a5 15. Qc2 Rfc8 16. Rfd1 Nd5 17. Ne4 Nb4 18. Qb1 Nf6 19. Ng5 h6 20. Nxe6 fxe6 21. Bxe6+ Kh8 22. Bxc8 Rxc8 23. e4 c5 24. d5 c4 25. d6 Bd8 26. Ra3 Nd3 27. Raxd3 cxd3 28. Qxd3 Qxb2 29. e5 Nd7 30. e6 Rc1 31. e7 Bxe7 32. dxe7 Nf6 33. Qd8+ Kh7 34. Qd3+ Kh8 35. Bf4 Rxd1+ 36. Qxd1 Qb4 37. Qd8+ Kh7 38. Be5 Qe1+ 39. Kh2 Qxe5+ 40. g3 Qe2 41. Kg2 Qe4+ 42. Kg1 Qxa4 43. Qd3+ g6 44. Qc3 Qd1+ 45. Kh2 Qd6 46. Qxf6 Qxf6 47. e8=Q Qxf2+ 48. Kh1 Qf1+ 49. Kh2 Qf2+ 50. Kh1 Qf6 51. Qd7+ Qg7 52. Qb5 Qc7 53. h4 Qc6+ 54. Qxc6 bxc6 55. h5 gxh5 56. Kh2 Kg6 57. Kh3 Kg5 58. Kh2 Kg4 59. Kg2 h4 60. Kh2 hxg3+ 61. Kh1 h5 62. Kg2 h4 63. Kh1 h3 64. Kg1 Kf3 65. Kh1 Ke3 66. Kg1 a4 67. Kh1 a3 68. Kg1 a2 69. Kh1 a1=Q# 0-1


[Site "https://www.chess.com"]

[Event "Titled Tuesday Blitz April 12 Late 2022"]
[White "Lamaze, Simon"]
[Black "Samarth, J Rao"]
[WhiteFideId "36069264"]
[BlackFideId "46652370"]
[WhiteElo "1999"]
[BlackElo "1514"]
[Result "1-0"]
[Round "02"]
[TimeControl "180+1"]
[Date "2022.04.13"]
[WhiteClock "0:00:26"]
[BlackClock "0:00:01"]

1. d4 d5 2. c4 e6 3. Nf3 Nf6 4. g3 Be7 5. Bg2 O-O 6. Nc3 c6 7. b3 b6 8. O-O Bb7 9. Bb2 Nbd7 10. Qc2 a6 11. e4 dxe4 12. Nxe4 c5 13. Nxf6+ Nxf6 14. Rad1 Qc7 15. Rfe1 Rfd8 16. dxc5 Qxc5 17. Ne5 Bxg2 18. Kxg2 Qc7 19. Qe2 h6 20. Qf3 Rac8 21. Rxd8+ Bxd8 22. Rd1 Be7 23. a3 Bd6 24. Re1 Qe7 25. b4 a5 26. Nc6 Qc7 27. b5 Nd7 28. Qg4 g6 29. Rxe6 Nf8 30. Re2 Bc5 31. Qf3 1-0


[Site "https://www.chess.com"]

[Event "Titled Tuesday Blitz April 12 Late 2022"]
[White "Lashkin, Jegor"]
[Black "Nozdrachev, Leonid"]
[WhiteFideId "13907808"]
[BlackFideId "24113433"]
[WhiteElo "2818"]
[BlackElo "2499"]
[Result "1-0"]
[Round "02"]
[TimeControl "180+1"]
[Date "2022.04.13"]
[WhiteClock "0:00:44"]
[BlackClock "0:00:26"]

1. Nf3 Nf6 2. b3 a5 3. Bb2 b6 4. e3 Bb7 5. d4 a4 6. Bd3 g6 7. O-O Bg7 8. b4 O-O 9. c4 c5 10. bxc5 bxc5 11. d5 Na6 12. a3 Qb8 13. Ra2 Re8 14. Nc3 Ng4 15. Nxa4 Ne5 16. Bxe5 Bxe5 17. Nb6 Nb4 18. axb4 Rxa2 19. Nxd7 Qc7 20. Ndxe5 cxb4 21. Qb1 Rea8 22. Qxb4 f6 23. Nc6 Bxc6 24. dxc6 e5 25. Be4 Ra1 26. Bd5+ Kg7 27. Re1 Kh6 28. h4 R8a4 29. Qf8+ Kh5 30. Qxf6 Rxe1+ 31. Nxe1 1-0


[Site "https://www.chess.com"]

[Event "Titled Tuesday Blitz April 12 Late 2022"]
[White "Leitao, Rafael"]
[Black "Xiong, Jeffery"]
[WhiteFideId "2101246"]
[BlackFideId "2047640"]
[WhiteElo "2609"]
[BlackElo "2727"]
[Result "1-0"]
[Round "02"]
[TimeControl "180+1"]
[Date "2022.04.12"]
[WhiteClock "0:00:16"]
[BlackClock "0:00:06"]

1. c4 g6 2. Nc3 Bg7 3. d4 d6 4. e4 e5 5. Nf3 Nc6 6. d5 Nd4 7. Nxd4 exd4 8. Nb5 Nf6 9. Bd3 O-O 10. O-O Ng4 11. h3 a6 12. hxg4 axb5 13. cxb5 Qh4 14. g5 f6 15. gxf6 Bxf6 16. f4 Bg4 17. Qe1 Qh5 18. Qg3 Be2 19. Bxe2 Qxe2 20. Qf3 Qxb5 21. f5 Bg7 22. Bg5 Qxb2 23. Rab1 Qc3 24. f6 h6 25. Qxc3 dxc3 26. fxg7 Rxf1+ 27. Kxf1 hxg5 28. Rxb7 c5 29. Ke2 Rxa2+ 30. Kd3 c2 31. Kd2 c1=Q+ 32. Kxc1 Rxg2 33. e5 Rg4 34. exd6 Rc4+ 35. Kb2 Rd4 36. d7 Rxd5 37. Rb8+ Kxg7 38. d8=Q Rxd8 39. Rxd8 Kf6 40. Kc3 Ke5 41. Kd3 Kf4 42. Ke2 Kg3 43. Rd5 g4 44. Rxc5 Kh3 45. Kf2 1-0


[Site "https://www.chess.com"]

[Event "Titled Tuesday Blitz April 12 Late 2022"]
[White "Lewtak, Damian"]
[Black "Pranav, V"]
[WhiteFideId "1141724"]
[BlackFideId "25060783"]
[WhiteElo "2362"]
[BlackElo "2349"]
[Result "1-0"]
[Round "02"]
[TimeControl "180+1"]
[Date "2022.04.12"]
[WhiteClock "0:00:25"]
[BlackClock "0:00:01"]

1. d4 Nf6 2. Nf3 b6 3. c4 Bb7 4. Nc3 e6 5. g3 Bb4 6. Bg2 Ne4 7. Bd2 Bxc3 8. Bxc3 O-O 9. Rc1 d6 10. O-O Nd7 11. d5 e5 12. Be1 f5 13. Nd2 Nxd2 14. Bxd2 a5 15. f4 Qe7 16. Bf3 Rae8 17. e3 Nc5 18. Qc2 Qf7 19. b3 Bc8 20. a3 Bd7 21. Rb1 Re7 22. b4 Ba4 23. Qc3 Nb7 24. Rbe1 Be8 25. e4 fxe4 26. Bxe4 Qh5 27. fxe5 Rxf1+ 28. Rxf1 Rxe5 29. Qe3 axb4 30. axb4 Nd8 31. Bc3 Nf7 32. Bxe5 Nxe5 33. Qf4 Bf7 34. Qf5 h6 35. Qxh5 Bxh5 36. Rc1 Kf7 37. c5 bxc5 38. bxc5 Ke7 39. c6 Bf7 40. Rb1 Nc4 41. Rb7 Kd8 42. Rb8+ Ke7 43. Rc8 Nb6 44. Rxc7+ Kf6 45. Rb7 Nc8 46. Rb8 Ne7 47. c7 1-0


[Site "https://www.chess.com"]

[Event "Titled Tuesday Blitz April 12 Late 2022"]
[White "Lin, Dachey"]
[Black "Narayanan.S.L"]
[WhiteFideId "2029650"]
[BlackFideId "5058422"]
[WhiteElo "2313"]
[BlackElo "2494"]
[Result "1-0"]
[Round "02"]
[TimeControl "180+1"]
[Date "2022.04.12"]
[WhiteClock "0:00:19"]
[BlackClock "0:00:28"]

1. Nc3 g6 2. e4 Bg7 3. f4 a6 4. Nf3 b5 5. g3 Bb7 6. d3 b4 7. Ne2 d5 8. Bg2 dxe4 9. Ng5 Nf6 10. O-O O-O 11. Nxe4 Qc8 12. Qe1 Nxe4 13. dxe4 c5 14. Rb1 Nc6 15. e5 Nd4 16. Nxd4 Bxg2 17. Kxg2 cxd4 18. Rf2 a5 19. Qe4 Rd8 20. b3 Qf5 21. Qxf5 gxf5 22. Rd2 f6 23. exf6 Bxf6 24. Bb2 Rac8 25. Rbd1 Kf7 26. Re2 e6 27. Rd3 Rc6 28. Red2 Rdc8 29. Bxd4 Rxc2 30. Bxf6 Rxd2+ 31. Rxd2 Kxf6 32. Kf3 Rc3+ 33. Kf2 h5 34. Re2 h4 35. Kg2 hxg3 36. hxg3 Rd3 37. Kf2 Ke7 38. Re5 Rd2+ 39. Re2 Rd5 40. Ke3 Rc5 41. Rd2 Rc3+ 42. Rd3 Rc1 43. Rd2 Rg1 44. Kf2 Ra1 45. Kf3 Kf6 46. Re2 Kf7 47. Rd2 Ke7 48. Kf2 Rc1 49. Kf3 Rc5 50. Kf2 Rc3 51. Re2 Kd6 52. Rd2+ Kc5 53. Re2 Kd4 54. Rxe6 Kd3 55. Re3+ Kd4 56. Rxc3 Kxc3 57. g4 Kb2 58. gxf5 Kxa2 59. f6 a4 60. f7 Kxb3 61. f8=Q a3 62. Qf7+ Kb2 63. Qf6+ Ka2 64. Qe6+ b3 65. Ke2 Kb2 66. Kd3 a2 67. Qe2+ Kb1 68. Kc3 a1=Q+ 69. Kxb3 Qd4 70. Qc2+ Ka1 71. Qa2# 1-0


[Site "https://www.chess.com"]

[Event "Titled Tuesday Blitz April 12 Late 2022"]
[White "Lossi C., Cyrano Jose"]
[Black "Swicarz, Maciej"]
[WhiteFideId "7301600"]
[BlackFideId "1113585"]
[WhiteElo "1811"]
[BlackElo "2057"]
[Result "1-0"]
[Round "02"]
[TimeControl "180+1"]
[Date "2022.04.13"]
[WhiteClock "0:01:32"]
[BlackClock "0:02:18"]

1. e4 c5 2. Nc3 d6 3. Nf3 Nf6 4. d4 cxd4 5. Nxd4 a6 6. Bg5 e6 7. Qd2 Be7 8. O-O-O Qc7 9. f4 Nbd7 10. Be2 b5 11. Bxf6 Nxf6 12. e5 dxe5 13. fxe5 Nd7 14. Bf3 Bb7 15. Bxb7 Qxb7 16. Rhf1 Nxe5 17. Qf4 Bf6 18. Ne4 Nd7 19. Nd6+ 1-0


[Site "https://www.chess.com"]

[Event "Titled Tuesday Blitz April 12 Late 2022"]
[White "Maksimovic, Bojan"]
[Black "Caruana, Fabiano"]
[WhiteFideId "14408120"]
[BlackFideId "2020009"]
[WhiteElo "2448"]
[BlackElo "2744"]
[Result "0-1"]
[Round "02"]
[TimeControl "180+1"]
[Date "2022.04.12"]
[WhiteClock "0:00:02"]
[BlackClock "0:00:15"]

1. d4 d6 2. e4 g6 3. Nf3 Bg7 4. c3 Nf6 5. Bd3 O-O 6. O-O Nc6 7. h3 e5 8. Re1 h6 9. Na3 Nh5 10. Nc2 Qf6 11. Ne3 Nf4 12. Bf1 exd4 13. Nd5 Nxd5 14. exd5 dxc3 15. dxc6 cxb2 16. cxb7 Bxb7 17. Bxb2 Qxb2 18. Rb1 Bxf3 19. Qxf3 Qxa2 20. Rb7 Rac8 21. Rc1 Qa5 22. Bc4 Qg5 23. Re1 Bd4 24. Rb5 Qf6 25. Qxf6 Bxf6 26. Rb7 Bd4 27. Re7 Bb6 28. Bd5 Kg7 29. Rd7 g5 30. g3 Kf6 31. Kg2 a5 32. f4 gxf4 33. gxf4 a4 34. Kf3 Rcd8 35. Rdxc7 Bxc7 36. Rxc7 Ra8 37. Rd7 a3 38. Ba2 Ra6 39. Kg4 Rb6 40. Ra7 Rb2 41. Rxa3 Rg8+ 42. Kf3 Rh2 43. Ra7 Rxh3+ 44. Kf2 Rg7 45. Rd7 Rh2+ 46. Kf3 Rxa2 47. Rxd6+ Ke7 48. Rxh6 Rg6 49. Rh8 Re6 50. Kg4 Ra4 51. Rh1 Ree4 52. Rf1 Ke6 53. Kg5 f6+ 54. Kg4 Rab4 55. Rf2 f5+ 56. Kg5 Rb3 57. Rg2 Rf3 58. Ra2 Rg3+ 59. Kh4 Rg4+ 60. Kh5 Rexf4 61. Ra6+ Ke5 62. Ra5+ Ke4 63. Ra4+ Kf3 64. Ra3+ Kg2 65. Rb3 Rf3 66. Rb2+ Kg3 67. Rb1 Rf2 68. Rb3+ Kh2 69. Rb1 Rg3 70. Kh4 Rfg2 0-1


[Site "https://www.chess.com"]

[Event "Titled Tuesday Blitz April 12 Late 2022"]
[White "Marin Masis, Jose Esteban"]
[Black "Constantinou, Peter"]
[WhiteFideId "6508146"]
[BlackFideId "413038"]
[WhiteElo "1710"]
[BlackElo "2230"]
[Result "0-1"]
[Round "02"]
[TimeControl "180+1"]
[Date "2022.04.13"]
[WhiteClock "0:00:10"]
[BlackClock "0:00:51"]

1. e4 c5 2. Nf3 e6 3. d4 cxd4 4. Nxd4 Nf6 5. Nc3 Nc6 6. Nxc6 bxc6 7. Bc4 d5 8. exd5 cxd5 9. Bb5+ Bd7 10. O-O Be7 11. Bf4 O-O 12. Re1 a6 13. Bd3 Re8 14. Be5 Qb6 15. Bd4 Qc7 16. Be5 Qb7 17. Rb1 Rad8 18. Re3 d4 19. Bxd4 Bc6 20. Rg3 Rxd4 21. Bxh7+ Nxh7 22. Qxd4 Bf6 23. Qd2 Rd8 24. Qe1 Ng5 25. h4 Ne4 26. Nxe4 Bxe4 27. Qe2 Bf5 28. h5 Kf8 29. h6 gxh6 30. Qe3 Bg5 31. Qa3+ Qe7 32. Qxa6 Bxc2 33. Rc1 Bg6 34. Rc8 Kg7 35. Qc4 Rd1+ 36. Kh2 Qf6 37. Qc3 Bf4 38. Rg8+ Kxg8 39. Qxf6 Bxg3+ 40. fxg3 Rd2 41. a4 Be4 42. Qxh6 Rxg2+ 43. Kh3 Rxb2 44. Qg5+ Bg6 45. Qd8+ Kh7 46. Qh4+ Kg8 47. Qd8+ Kh7 48. Qd4 Bf5+ 49. Kh4 Re2 50. Kg5 Re4 51. Qd8 Kg7 52. Qf6+ Kg8 53. Qd8+ Kg7 54. Qf6+ Kf8 55. Qh8+ Ke7 56. a5 Rg4+ 57. Kh6 Rxg3 58. Qa1 f6 59. Kh5 Rh3# 0-1


[Site "https://www.chess.com"]

[Event "Titled Tuesday Blitz April 12 Late 2022"]
[White "Martinez Reyes, Pedro Ramon"]
[Black "Ward, Ieuan C"]
[WhiteFideId "3901807"]
[BlackFideId "406627"]
[WhiteElo "2410"]
[BlackElo "2283"]
[Result "1-0"]
[Round "02"]
[TimeControl "180+1"]
[Date "2022.04.13"]
[WhiteClock "0:01:46"]
[BlackClock "0:00:25"]

1. g4 d5 2. Bg2 Bxg4 3. c4 Nc6 4. cxd5 Ne5 5. d4 Ng6 6. Nc3 Nf6 7. Qb3 Rb8 8. e4 e5 9. Be3 b6 10. f3 Bd7 11. Nge2 Be7 12. h4 Nh5 13. O-O-O O-O 14. Kb1 exd4 15. Nxd4 Ngf4 16. Bf1 Bc5 17. Bb5 Bxb5 18. Ncxb5 Qf6 19. Nc6 Ra8 20. Bxc5 bxc5 21. Nxc7 Rac8 22. Na6 Rxc6 23. dxc6 Qxc6 24. Qc4 Rc8 25. Rc1 Ne6 26. Rhd1 g6 27. Nb4 Qb7 28. Nd5 Rb8 29. b3 a5 30. Rc2 Qc6 31. Ne7+ 1-0


[Site "https://www.chess.com"]

[Event "Titled Tuesday Blitz April 12 Late 2022"]
[White "Melkumyan, Hrant"]
[Black "Manolache, Marius"]
[WhiteFideId "13302485"]
[BlackFideId "1201530"]
[WhiteElo "2604"]
[BlackElo "2364"]
[Result "1-0"]
[Round "02"]
[TimeControl "180+1"]
[Date "2022.04.12"]
[WhiteClock "0:00:20"]
[BlackClock "0:00:03"]

1. e4 c5 2. Nf3 e6 3. g3 Nc6 4. Bg2 d6 5. O-O Nf6 6. Re1 e5 7. c3 Bg4 8. h3 Bxf3 9. Bxf3 Be7 10. Na3 O-O 11. Nc4 Rc8 12. d3 b5 13. Ne3 b4 14. Bd2 Rb8 15. Qa4 Qb6 16. Nf5 Rfe8 17. Bg5 Qb5 18. Bd1 a6 19. Bxf6 gxf6 20. Qc2 Bf8 21. Qe2 Kh8 22. Bb3 Qb7 23. Qh5 Nd8 24. Bd5 Qd7 25. a3 bxc3 26. bxc3 Ne6 27. Reb1 Red8 28. Bc4 a5 29. a4 Kg8 30. Rb5 Rxb5 31. axb5 Ra8 32. b6 a4 33. Bd5 Rb8 34. b7 Nd8 35. Qg4+ Kh8 36. Qh4 Bg7 37. Qg4 Bf8 38. Qd1 Nxb7 39. Rxa4 Nd8 40. Kg2 Ne6 41. Qa1 Rc8 42. Ra7 Rc7 43. Ra6 Kg8 44. Qa2 Rc8 45. Qe2 Kh8 46. h4 Rc7 47. Qf3 Rc8 48. Ne3 Kg7 49. Nc4 Rd8 50. Kh2 Qe7 51. Rb6 Rd7 52. Ne3 Qd8 53. Ra6 Rc7 54. Qg4+ Kh8 55. Bxe6 fxe6 56. Qxe6 Qd7 57. Qxd7 Rxd7 58. Nf5 Kg8 59. Kh3 Kf7 60. Kg4 Ke6 61. Ra8 Kf7 62. c4 Rb7 63. Kf3 Rd7 64. Ke3 Kg8 65. f4 Kf7 66. g4 h6 67. Kf3 Rb7 68. h5 Rd7 69. Ne3 Rb7 70. Nd5 Rd7 71. Nxf6 Kxf6 72. Rxf8+ Kg7 73. Rf5 Rd8 74. g5 exf4 75. g6 Rd7 76. Kxf4 Rb7 77. Rf7+ Rxf7+ 78. gxf7 Kxf7 79. Kf5 Ke7 80. e5 Kd7 81. Kf6 dxe5 82. Kxe5 Kc6 83. Ke6 Kc7 84. Kd5 Kb6 85. Kd6 1-0


[Site "https://www.chess.com"]

[Event "Titled Tuesday Blitz April 12 Late 2022"]
[White "Migot, Tangi"]
[Black "Rego, Vinicius V. de Almeida"]
[WhiteFideId "662445"]
[BlackFideId "2106485"]
[WhiteElo "2534"]
[BlackElo "2345"]
[Result "1-0"]
[Round "02"]
[TimeControl "180+1"]
[Date "2022.04.13"]
[WhiteClock "0:00:23"]
[BlackClock "0:00:09"]

1. Nf3 c5 2. c4 g6 3. g3 Bg7 4. Bg2 Nc6 5. O-O e6 6. Nc3 Nge7 7. Rb1 O-O 8. a3 d5 9. cxd5 Nxd5 10. Nxd5 exd5 11. b4 b6 12. bxc5 bxc5 13. Bb2 d4 14. Nxd4 Nxd4 15. Bxa8 Bf5 16. Bxd4 cxd4 17. Bf3 Bxb1 18. Qxb1 Qa5 19. Qd3 Rb8 20. Rc1 h5 21. Kg2 h4 22. gxh4 Rb2 23. Rc8+ Kh7 24. Qc4 Qf5 25. Rc5 Qf6 26. h5 Rxd2 27. hxg6+ Qxg6+ 28. Kh3 Qe6+ 29. Qxe6 fxe6 30. Ra5 d3 31. Be4+ Kh6 32. Bxd3 Bd4 33. Kg3 Ra2 34. Ra6 Bb6 35. Kf3 Kg5 36. Ra4 Bc5 37. Rg4+ Kf6 38. a4 Ra1 39. h4 Rf1 40. Rf4+ Ke5 41. Re4+ Kd6 42. e3 Rh1 43. Kg2 Rd1 44. Be2 Ra1 45. h5 Ba3 46. h6 Bb2 47. Bg4 Ke7 48. Rxe6+ Kf7 49. Ra6 Kg8 50. Bf5 Be5 51. Rxa7 1-0


[Site "https://www.chess.com"]

[Event "Titled Tuesday Blitz April 12 Late 2022"]
[White "Mikhailov, Viacheslav"]
[Black "Skatchkov, Valery"]
[WhiteFideId "4187369"]
[BlackFideId "24195812"]
[WhiteElo "2766"]
[BlackElo "2469"]
[Result "1-0"]
[Round "02"]
[TimeControl "180+1"]
[Date "2022.04.13"]
[WhiteClock "0:00:05"]
[BlackClock "0:00:04"]

1. Nf3 d5 2. g3 g6 3. Bg2 Bg7 4. c4 dxc4 5. Na3 e5 6. O-O Be6 7. Qc2 Nc6 8. Nxc4 Nge7 9. Ng5 Bd5 10. Bxd5 Qxd5 11. Ne3 Nd4 12. Qd1 Qb5 13. d3 h6 14. Ne4 O-O 15. Nc3 Qd7 16. Bd2 Rad8 17. Nc2 f5 18. Nxd4 exd4 19. Na4 b6 20. Rc1 Kh7 21. Qc2 Nd5 22. Qc6 Qxc6 23. Rxc6 Rfe8 24. Re1 Re7 25. Kf1 Rde8 26. b4 a6 27. Nb2 Re6 28. Rxe6 Rxe6 29. Rc1 Bf8 30. a3 g5 31. Rc4 Bg7 32. Nd1 Kg6 33. Bc1 f4 34. Bb2 Rd6 35. a4 Kf5 36. b5 axb5 37. axb5 fxg3 38. hxg3 h5 39. Bxd4 Bh6 40. e4+ Ke6 41. exd5+ Rxd5 42. Rc6+ Kf5 43. Rf6+ Kg4 44. Ne3+ Kh3 45. Nxd5 1-0


[Site "https://www.chess.com"]

[Event "Titled Tuesday Blitz April 12 Late 2022"]
[White "Mikhalsky, Vladimir"]
[Black "Bach, Matthias"]
[WhiteFideId "14144352"]
[BlackFideId "4603168"]
[WhiteElo "2301"]
[BlackElo "2165"]
[Result "1-0"]
[Round "02"]
[TimeControl "180+1"]
[Date "2022.04.13"]
[WhiteClock "0:02:24"]
[BlackClock "0:02:34"]

1. c4 Nf6 2. Nc3 e6 3. e4 d5 4. e5 Ne4 5. Nxe4 dxe4 6. Qg4 Na6 7. Qxe4 Bd7 8. Nf3 Bc6 9. Qc2 Nb4 10. Qc3 Bc5 11. a3 Bxf3 12. axb4 1-0


[Site "https://www.chess.com"]

[Event "Titled Tuesday Blitz April 12 Late 2022"]
[White "Mortazavi, Ali"]
[Black "Cagara, Paulina"]
[WhiteFideId "401323"]
[BlackFideId "1124870"]
[WhiteElo "2339"]
[BlackElo "1780"]
[Result "1-0"]
[Round "02"]
[TimeControl "180+1"]
[Date "2022.04.13"]
[WhiteClock "0:00:29"]
[BlackClock "0:00:33"]

1. Nf3 f5 2. d3 Nf6 3. e4 fxe4 4. dxe4 d6 5. e5 Ng4 6. Bc4 e6 7. exd6 cxd6 8. Ng5 Ne5 9. Bxe6 Bxe6 10. Nxe6 Qe7 11. Nxf8 Nd3+ 12. Kf1 Nxc1 13. Qxc1 Rxf8 14. Nc3 Nc6 15. Qe1 O-O-O 16. Qxe7 Nxe7 17. Re1 Nf5 18. Nd5 Rde8 19. g3 Kd7 20. Kg2 Kc6 21. Nb4+ Kb5 22. Nd3 d5 23. Ne5 Rf6 24. f4 g5 25. Nd3 Ne3+ 26. Kf2 gxf4 27. Nxf4 d4 28. c3 Ng4+ 29. Kf3 Nxh2+ 30. Kg2 Rxe1 31. Rxe1 Ng4 32. cxd4 Kc4 33. d5 Rd6 34. Kf3 Ne5+ 35. Rxe5 b5 36. Re6 Rd7 37. d6 a5 38. Nh5 b4 39. Nf6 Rd8 40. Nxh7 a4 41. g4 b3 42. a3 Kd3 43. g5 Kc2 44. Re2+ Kd1 45. g6 Rxd6 46. g7 Rd8 47. Nf8 Rd3+ 48. Re3 1-0


[Site "https://www.chess.com"]

[Event "Titled Tuesday Blitz April 12 Late 2022"]
[White "Moussard, Jules"]
[Black "Iskusnyh, Sergei"]
[WhiteFideId "642908"]
[BlackFideId "4120027"]
[WhiteElo "2589"]
[BlackElo "2492"]
[Result "1-0"]
[Round "02"]
[TimeControl "180+1"]
[Date "2022.04.12"]
[WhiteClock "0:00:49"]
[BlackClock "0:00:04"]

1. Nf3 d5 2. g3 Nf6 3. Bg2 c6 4. O-O Bf5 5. c4 e6 6. cxd5 exd5 7. d3 Be7 8. Nc3 O-O 9. Qb3 Qb6 10. Qc2 Na6 11. e4 dxe4 12. dxe4 Bg6 13. Be3 Qa5 14. Nh4 Bc5 15. Nxg6 hxg6 16. Rfe1 Bxe3 17. Rxe3 Rad8 18. Rae1 Ng4 19. R3e2 Nb4 20. Qb3 Nd3 21. Rf1 Qb6 22. Qxb6 axb6 23. f4 b5 24. e5 Nh6 25. Rd2 Nc5 26. Rfd1 Rxd2 27. Rxd2 Nf5 28. b4 Na6 29. a3 Re8 30. Rd7 Re7 31. Rd8+ Kh7 32. Ne4 f6 33. exf6 gxf6 34. Nxf6+ Kg7 35. Ne4 Ne3 36. Bf3 Nc7 37. Kf2 Nc4 38. Nc5 Nxa3 39. Nxb7 Ne6 40. Rd6 Nc2 41. Na5 Nxb4 42. Nxc6 Nxc6 43. Rxc6 Nd4 44. Rb6 Rc7 45. Be4 Nc6 46. Rxc6 1-0


[Site "https://www.chess.com"]

[Event "Titled Tuesday Blitz April 12 Late 2022"]
[White "Najer, Evgeniy"]
[Black "Pourkashiyan, Atousa"]
[WhiteFideId "4118987"]
[BlackFideId "12502014"]
[WhiteElo "2562"]
[BlackElo "2247"]
[Result "1-0"]
[Round "02"]
[TimeControl "180+1"]
[Date "2022.04.13"]
[WhiteClock "0:00:31"]
[BlackClock "0:00:13"]

1. d4 Nf6 2. Bf4 d5 3. e3 e6 4. Nf3 c5 5. Be2 Nc6 6. O-O Bd6 7. dxc5 Bxc5 8. c4 O-O 9. Nc3 dxc4 10. Bxc4 Qxd1 11. Rfxd1 a6 12. Be2 Be7 13. Rac1 Rd8 14. Na4 Rxd1+ 15. Rxd1 Nd7 16. Nd4 Nxd4 17. exd4 b5 18. Bf3 Ra7 19. Nc5 Nxc5 20. dxc5 Rd7 21. Rxd7 Bxd7 22. b4 Bc8 23. Ba8 f6 24. Bd6 Kf7 25. Bxe7 Kxe7 26. f4 Kd7 27. Kf2 Kc7 28. Be4 g6 29. Ke3 Bd7 30. g4 Be8 31. g5 Bd7 32. gxf6 Be8 33. Kd4 1-0


[Site "https://www.chess.com"]

[Event "Titled Tuesday Blitz April 12 Late 2022"]
[White "Nakamura, Hikaru"]
[Black "Mirzoev, Azer"]
[WhiteFideId "2016192"]
[BlackFideId "13400304"]
[WhiteElo "2850"]
[BlackElo "2525"]
[Result "1-0"]
[Round "02"]
[TimeControl "180+1"]
[Date "2022.04.12"]
[WhiteClock "0:01:10"]
[BlackClock "0:00:02"]

1. f4 d5 2. Nf3 Nf6 3. b3 g6 4. Bb2 Bg7 5. g3 O-O 6. Bg2 b6 7. O-O Bb7 8. e3 a5 9. Qe2 a4 10. d3 Nbd7 11. Nbd2 axb3 12. axb3 c5 13. Ne5 Qc7 14. c4 Rxa1 15. Rxa1 Ra8 16. Rxa8+ Bxa8 17. Qd1 Bb7 18. Qa1 dxc4 19. Qa7 Nxe5 20. Bxe5 Qd7 21. Qxb7 Qxd3 22. Nxc4 Qxb3 23. Qa8+ Bf8 24. Bxf6 exf6 25. Bd5 Qd1+ 26. Kf2 Qc2+ 27. Ke1 Qc1+ 28. Ke2 Qc2+ 29. Nd2 c4 30. Qb7 Qd3+ 31. Kf3 Be7 32. Bxc4 Qxd2 33. Qxe7 Qd1+ 34. Kf2 Qd2+ 35. Be2 Qb2 36. Qd8+ Kg7 37. Qd4 Qb1 38. g4 b5 39. g5 1-0


[Site "https://www.chess.com"]